 Dungeon Crawl Stone Soup version 0.31-a0-221-gbddc013574 (webtiles) character file.

Game seed: 12963340384104287270

3686 Anon1729 the Trooper (level 9, -9/72 HPs)
             Began as a Mummy Monk on July 4, 2023.
             Was a Plaything of Xom.
             Mangled by an orc warrior
             ... wielding a +0 glaive
              (18 damage)
             ... on level 8 of the Dungeon.
             The game lasted 00:13:01 (9469 turns).

Anon1729 the Trooper (Mummy Monk)                   Turns: 9469, Time: 00:13:02

Health: -9/72      AC:  9    Str: 18    XL:     9   Next: 90%
Magic:  9/9        EV: 15    Int:  9    God:    Xom [.*....]
Gold:   362        SH:  0    Dex: 15    Spells: 8/8 levels left

rFire   x . .        y - +3 mace (chaos)
rCold   + . .        c - orb {light}
rNeg    + + +        t - +0 chain mail
rPois   ∞            (no helmet)
rElec   .            u - +0 cloak
rCorr   .            (no gloves)
SInv    .            (no boots)
Will    +....        s - amulet of the acrobat
Stlth   +            x - ring of flight
HPRegen 0.32/turn    (no ring)
MPRegen 0.11/turn

%: acrobat, faith
@: agile, flying, glowing
A: cold resistance 1, negative energy resistance 3, torment resistance 2, heat
vulnerability 1, in touch with death 1, no potions, faith
a: Renounce Religion


You were on level 8 of the Dungeon.
You worshipped Xom.
You were a plaything of Xom.
You visited 2 branches of the dungeon, and saw 9 of its levels.

You collected 362 gold pieces.

Inventory:

Hand Weapons
 a - a +0 mace
 n - a +0 heavy flail
 y - a +3 mace of chaos (weapon)
Missiles
 j - a throwing net
 w - 25 poisoned darts
Armour
 b - a +0 robe
 c - an orb of light (worn)
 d - a +0 scale mail
 m - a +0 leather armour of willpower
 r - a +0 plate armour
 t - a +0 chain mail (worn)
 u - a +0 cloak (worn)
Jewellery
 s - an amulet of the acrobat (around neck)
 x - a ring of flight (left hand)
Wands
 h - a wand of acid (10)
 k - a wand of iceblast (5)
 o - a wand of flame (25)
 p - a wand of mindburst (10)
 v - a wand of charming (10)
Scrolls
 e - 3 scrolls of fog {unknown}
 f - a scroll of acquirement {unknown}
 g - 3 scrolls of poison {unknown}
 i - 2 scrolls of identify {unknown}
 l - a scroll of torment {unknown}
 q - a scroll of enchant weapon {unknown}
 z - a scroll of immolation {unknown}
 A - 2 scrolls of teleportation {unknown}


   Skills:
 + Level 7.6 Fighting
 + Level 6.2 Maces & Flails
 + Level 6.3 Dodging
 + Level 6.1 Stealth
 + Level 2.6 Evocations


You had 8 spell levels left.
You didn't know any spells.
Your spell library contained the following spells:

 Spells                   Type           Power      Damage    Failure   Level
 Freeze                   Ice            0%         1d3       99%         1
 Frozen Ramparts          Ice            0%         1d1       100%        3
 Hailstorm                Conj/Ice       0%         3d3       100%        3
 Petrify                  Tmut/Erth      0%         N/A       100%        4
 Metabolic Englaciation   Hex/Ice        0%         N/A       100%        5
 Statue Form              Tmut/Erth      Unusable   N/A       N/A         6

Dungeon Overview and Level Annotations

Branches:
Dungeon (8/15)             Temple (1/1) D:6
   Lair: D:8-11

Altars:
Ashenzari
Cheibriados
Dithmenos
Fedhas
Gozag
Hepliaklqana
Kikubaaqudgha
Nemelex Xobeh
Okawaru
Qazlal
Ru
Sif Muna
Trog
Uskayaw
Vehumet
Wu Jian
Xom
Yredelemnul

Shops:
D:6 ([   D:7 (

Annotations:
D:6 1 runed translucent door, Shym's ghost, novice TeAE


Innate Abilities, Weirdness & Mutations

You are immune to poison.
Your flesh is cold resistant. (rC+)
You are immune to negative energy. (rN+++)
You are immune to unholy pain and torment.
You are vulnerable to heat. (rF-)
You are in touch with the powers of death.
You do not drink.
You have a special connection with the divine. (Faith)


Message History

You hit the orc warrior but do no damage.
The orc warrior is heavily wounded.
The orc warrior closely misses you.
The orc warrior hits you with a +0 glaive!
You hit the orc warrior.
The orc warrior is heavily wounded.
The orc warrior hits you with a +0 glaive!!
The orc warrior hits you but does no damage.
You are too injured to fight recklessly!
Aiming: Corrosive Bolt
Press: ? - help, Shift-Dir - straight line, f - orc priest
Aim: an orc priest, wielding a +3 morningstar and wearing a +0 robe (haloed, 81% to hit)
The bolt of acid misses the orc warrior.
The bolt of acid hits the orc priest!!
The acid corrodes the orc priest!
You kill the orc priest! "Forecast: mostly cloudy."
An orc comes into view. It is wielding a +0 club.
The orc warrior hits you with a +0 glaive.
Aiming: Corrosive Bolt
Press: ? - help, Shift-Dir - straight line, f - orc
Aim: an orc, wielding a +0 club (haloed, 81% to hit)
The bolt of acid hits the orc warrior.
The orc warrior is heavily wounded.
The bolt of acid hits the orc!!
The acid corrodes the orc!
You kill the orc!
You are engulfed in seething chaos.
You feel agile all of a sudden. The orc warrior misses you.
The orc warrior hits you with a +0 glaive!!
* * * LOW HITPOINT WARNING * * *
A shower of butterflies erupts from you!
Okay, then.
Okay, then.
Aiming: Charm
Press: ? - help, Shift-Dir - straight line, f - orc warrior
Aim: an orc warrior, wielding a +0 glaive and wearing a +0 plate armour (heavily wounded, berserk, unusually resistant, poisoned, ally target, haloed, chance to affect: 55%)
The orc warrior resists with significant effort.
You are engulfed in seething chaos.
The orc warrior hits you with a +0 glaive!!
You die...

# ... .#.
#... #..#
###... #..#
##...#
#...###...#
##.....b..#
#....#....###
#..)o...##
##...#@.bb#
#...####....#
#...# ....#
#....## #...
..o.... ..
##..... #
#..... #.....
#.....


You could see an orc warrior (berserk, resistant, poisoned, ally target).

Vanquished Creatures
  Grinder (D:6)
  Sigmund (D:4)
  A steam dragon (D:7)
  Edmund (D:4)
  An ice beast (D:6)
  2 sky beasts
  5 black bears
  2 orc warriors
  An ogre (D:5)
  2 centaurs (D:7)
  A phantom (D:4)
  3 kobold brigands
  3 bullfrogs (D:7)
  2 scorpions
  3 wights (D:7)
  2 howler monkeys (D:7)
  3 electric eels (D:7)
  3 jellies
  3 hounds
  12 orc priests
  4 iguanas
  5 orc wizards
  10 adders
  An ufetubus (D:5)
  A worm (D:3)
  A dart slug (D:1)
  34 orcs
  6 ball pythons
  5 bats
  6 endoplasms
  5 giant cockroaches
  6 hobgoblins
  8 jackals
  3 quokkas
  2 frilled lizards (D:2)
  4 goblins
  17 kobolds
  4 rats
174 creatures vanquished.

Notes
Turn   | Place    | Note
-------+----------+-------------------------------------------
     0 | D:1      | Anon1729 the Mummy Monk began the quest for the Orb.
     0 | D:1      | Reached XP level 1. HP: 18/18 MP: 1/1
    61 | D:1      | Reached XP level 2. HP: 8/24 MP: 2/2
   579 | D:1      | Reached skill level 1 in Stealth
   805 | D:2      | Gained mutation: You are in touch with the powers of death.
                  | [Mummy growth]
   805 | D:2      | Reached XP level 3. HP: 26/29 MP: 3/3
  1547 | D:2      | Reached XP level 4. HP: 12/35 MP: 4/4
  1710 | D:3      | HP: 1/37 [orc/+0 short sword (3)]
  1714 | D:3      | Reached XP level 5. HP: 3/42 MP: 5/5
  2660 | D:4      | Noticed a phantom
  2665 | D:4      | Killed a phantom
  2666 | D:4      | Reached skill level 4 in Fighting
  2715 | D:4      | Reached XP level 6. HP: 46/48 MP: 6/6
  3082 | D:4      | Noticed Edmund
  3095 | D:4      | Killed Edmund
  3120 | D:4      | Noticed Sigmund
  3186 | D:4      | Killed Sigmund
  3187 | D:4      | Reached XP level 7. HP: 27/55 MP: 7/7
  3732 | D:5      | Entered Level 5 of the Dungeon
  3809 | D:5      | Found a sparkling altar of Nemelex Xobeh.
  3838 | D:5      | Reached skill level 5 in Fighting
  4854 | D:5      | Reached XP level 8. HP: 23/63 MP: 8/8
  5589 | D:6      | Found a runed translucent door.
  5746 | D:6      | Found Buabb's Antique Armour Shoppe.
  5755 | D:6      | Reached skill level 5 in Maces & Flails
  5847 | D:6      | Noticed Shym's ghost (novice TeAE)
  5850 | D:6      | Noticed Grinder
  5867 | D:5      | Reached skill level 6 in Fighting
  5867 | D:5      | Reached skill level 5 in Dodging
  5960 | D:6      | Found a staircase to the Ecumenical Temple.
  5971 | Temple   | Entered the Ecumenical Temple
  6193 | Temple   | Became a worshipper of Xom of Chaos
  6211 | Temple   | Reached skill level 5 in Stealth
  6378 | D:6      | XOM: silly message
  6380 | D:6      | XOM: potion effect (might)
  6385 | D:6      | Paralysed by Grinder for 2 turns
  6397 | D:6      | XOM: fog
  6401 | D:6      | Killed Grinder
  6402 | D:6      | Reached XP level 9. HP: 41/71 MP: 9/9
  6429 | D:6      | XOM: cloud trail
  6691 | D:6      | XOM: god gift: scroll labelled DUECVE PIUKK {god gift}
  6695 | D:6      | XOM: divination: detect items
  6697 | D:6      | XOM: fog
  6771 | D:6      | Found Otson's Weapon Emporium.
  6776 | D:6      | XOM: scenery: create altars
  6865 | D:6      | XOM: scenery: summon butterflies
  6888 | D:6      | XOM: smoke on damage
  6889 | D:6      | XOM: noise
  6892 | D:6      | XOM: smoke on damage
  7264 | D:7      | Reached skill level 1 in Evocations
  7424 | D:7      | XOM: scenery: summon butterflies
  7490 | D:7      | Reached skill level 7 in Fighting
  7585 | D:7      | XOM: scenery: summon butterflies
  7587 | D:7      | XOM: 8-stop teleportation journey
  7589 | D:7      | XOM: god gift: wand of charming (5)
  7772 | D:7      | XOM: confuse monster(s)
  7856 | D:7      | XOM: scenery: create altars
  7913 | D:7      | Found Tubon's Antique Weapon Boutique.
  7994 | D:7      | XOM: chaos upgrade
  8136 | D:7      | XOM: chaos cloud
  8280 | D:7      | Found a transporter.
  8302 | D:7      | Found a transporter.
  8533 | D:7      | Found a basalt altar of Yredelemnul.
  9264 | D:8      | XOM: swap monsters
  9268 | D:8      | XOM: swap monsters
  9269 | D:8      | XOM: noise
  9328 | D:8      | XOM: 1-stop teleportation journey
  9447 | D:8      | XOM: 2-stop teleportation journey
  9467 | D:8      | XOM: chaos cloud
  9468 | D:8      | XOM: butterfly on damage
  9469 | D:8      | Mangled by an orc warrior

Illustrated notes

Levels and vault maps discovered:
D:1:      lemuel_arrival_lava_pool, layout_basic
D:2:      layout_rooms, grunt_ministairs_8, patterned_corridor
D:3:      layout_loops_cross
D:4:      layout_loops_corners, sigmund_edmund_badplayer
D:5:      layout_basic, mainiacjoe_overflow_cross_hatched, grunt_ministairs_14
D:6:      layout_rooms, minmay_temple_entry_antechambers,
          chequers_ossuary_entry_cave, serial_shops, shop,
          nicolae_shop_bloodbath_and_beyond, ebering_ghost_reflecting_pool,
          grunt_decor_junction, uniq_grinder
D:7:      gammafunk_steamed_eel, layout_basic, yredelemnul_altar_generic,
          serial_shops, kennysheep_mini_moat, hangedman_decor_peaks_small,
          kb_lookout_dungeons_type
D:8:      layout_cave_pods
Temple:   nicolae_temple_bog_church

Skill      XL: |  1  2  3  4  5  6  7  8  9 |
---------------+----------------------------+-----
Stealth        | 1 2 3 4 5 6 |  6.1
Maces & Flails | 3 4 5 6 |  6.2
Dodging        | 3 4 5 6 |  6.3
Fighting       | 4 5 6 7 |  7.6
Evocations     | 2 |  2.6

Action                     |  1- 3 |  4- 6 |  7- 9 || total
---------------------------+-------+-------+-------++-------
  Melee: Mace              |   112 |   118 |   426 ||   656
  Evoke: Wand              |       |     7 |    25 ||    32
    Use: Scroll            |       |       |     1 ||     1
   Stab: Confused          |       |       |     2 ||     2
 Armour: Robe              |    11 |       |       ||    11
         Scale mail        |    45 |    42 |       ||    87
         Leather armour    |       |       |    22 ||    22
         Chain mail        |       |       |   207 ||   207
  Dodge: Dodged            |    77 |    66 |   345 ||   488

Table legend: (Time is in decaauts)
 A = Elapsed time spent in this place.
 B = Non-inter-level travel time spent in this place.
 C = Inter-level travel time spent in this place.
 D = Time resting spent in this place.
 E = Time spent auto-exploring this place.
 F = Levels seen in this place.
 G = Mean time per level.
                   A        B        C        D        E       F      G
               +--------+--------+--------+--------+--------+-----+--------+
         Total |   9594 |   9167 |    427 |   1911 |   5553 |   9 | 1066.0 |
       Dungeon |   9198 |   8794 |    404 |   1764 |   5365 |   8 | 1149.8 |
        Temple |    395 |    372 |     23 |    147 |    188 |   1 |  395.0 |
               +--------+--------+--------+--------+--------+-----+--------+

Top non-repeatable levels by time:
     D:5: 2023 daAuts
     D:7: 1922 daAuts
     D:4: 1220 daAuts
     D:6: 1146 daAuts
     D:3: 943 daAuts
     D:2: 831 daAuts
     D:1: 796 daAuts
  Temple: 395 daAuts
     D:8: 314 daAuts
